 Dungeon Crawl Stone Soup version 0.32-a0-314-g526f7d4993 (webtiles) character file.

Game seed: 9246224477008775375

15114 Newt the Fighter (level 12, -5/82 HPs)
             Began as a Gargoyle Fighter on Feb 15, 2024.
             Was a High Priest of Okawaru.
             Slain by Rupert
             ... wielding a +2 triple sword of holy wrath
              (38 damage)
             ... on level 12 of the Dungeon.
             The game lasted 00:15:09 (10675 turns).

Newt the Fighter (Gargoyle Fighter)                Turns: 10675, Time: 00:15:10

Health: -5/82      AC: 22    Str: 25    XL:     12   Next: 23%
Magic:  12/12      EV:  9    Int:  9    God:    Okawaru [*****.]
Gold:   719        SH:  9    Dex:  9    Spells: 11/11 levels left

rFire   + + .        W - +0 war axe (vamp)
rCold   + . .        V - +0 kite shield
rNeg    + + .        b - +0 scale mail
rPois   ∞            G - +1 hat
rElec   +            O - scarf {rC+ rF+}
rCorr   .            E - +0 pair of gloves
SInv    .            K - +2 pair of boots
Will    .....        h - amulet of regeneration
Stlth   +            r - ring of positive energy
HPRegen 1.13/turn    T - ring of protection from fire
MPRegen 0.13/turn

%: no passive effects
@: mighty, studying Stealth
A: sickness immunity, AC +8, negative energy resistance 1, electricity
resistance, torment resistance 1, petrification resistance
a: Renounce Religion, Heroism, Finesse, Duel


You were on level 12 of the Dungeon.
You worshipped Okawaru.
Okawaru was extremely pleased with you.
You visited 2 branches of the dungeon, and saw 14 of its levels.

You collected 719 gold pieces.

Inventory:

Hand Weapons
 a - a +0 flail
 n - a +2 war axe of flaming
 I - a +2 war axe of freezing
 W - a +0 vampiric war axe (weapon)
Missiles
 l - 16 javelins (quivered)
 B - 13 boomerangs
 S - 16 poisoned darts
Armour
 b - a +0 scale mail (worn)
 c - a +0 buckler
 f - a +0 helmet
 k - a scarf of harm
 w - a +0 pair of boots
 E - a +0 pair of gloves (worn)
 G - a +1 hat (worn)
 K - a +2 pair of boots (worn)
 O - a scarf of resistance (worn)
 V - a +0 kite shield (worn)
Jewellery
 h - an amulet of regeneration (around neck)
 r - a ring of positive energy (left hand)
 v - a ring of willpower
 D - a +6 ring of intelligence
 L - a ring of fire
 R - a ring of fire
 T - a ring of protection from fire (right hand)
 U - an amulet of magic regeneration
Wands
 u - a wand of roots (8)
 x - a wand of polymorph (17)
 y - a wand of mindburst (5)
 z - a wand of quicksilver (4)
 M - a wand of digging (5)
 Q - a wand of flame (4)
Scrolls
 j - 3 scrolls of amnesia
 m - 3 scrolls of teleportation
 s - 2 scrolls of fog
 F - 5 scrolls of vulnerability
 N - a scroll of revelation
 P - a scroll of noise
Potions
 d - a potion of might
 e - 2 potions of degeneration
 g - 10 potions of curing
 i - a potion of mutation
 o - a potion of invisibility {unknown}
 p - 2 potions of heal wounds
 q - a potion of enlightenment {unknown}
 t - a potion of magic {unknown}
 A - a potion of berserk rage {unknown}
 C - 2 potions of haste {unknown}
 H - a potion of cancellation {unknown}
 J - 2 potions of lignification {unknown}


   Skills:
 + Level 12.8 Fighting
 - Level 8.5(9.0) Axes
 - Level 4.6(7.6) Maces & Flails
 - Level 5.1 Throwing
 - Level 8.1 Armour
 - Level 3.4 Stealth
 * Level 6.2 Shields
 - Level 6.0 Evocations


You had 11 spell levels left.
You didn't know any spells.
Your spell library contained the following spells:

 Spells                   Type           Power      Damage    Failure   Level
 Sigil of Binding         Hex            0%         N/A       99%         3
 Brom's Barrelling Bould  Conj/Erth      0%         2d3       100%        4
 Dimensional Bullseye     Hex/Tloc       0%         N/A       100%        4
 Passage of Golubria      Tloc           0%         N/A       100%        4
 Alistair's Intoxication  Alch           0%         N/A       100%        5
 Borgnjor's Vile Clutch   Necr/Erth      0%         N/A       100%        5
 Fireball                 Conj/Fire      0%         3d3       100%        5
 Iskenderun's Battlesphe  Conj           0%         2d6       100%        5
 Yara's Violent Unravell  Hex/Alch       0%         3d3       100%        5
 Conjure Ball Lightning   Conj/Air       0%         3x3d6     100%        6
 Eringya's Noxious Bog    Alch           0%         4d6       100%        6
 Orb of Destruction       Conj           0%         9d5       100%        7
 Summon Small Mammal      Summ           Unusable   N/A       N/A         1
 Call Canine Familiar     Summ           Unusable   N/A       N/A         3
 Tukima's Dance           Hex            Unusable   N/A       N/A         3
 Summon Blazeheart Golem  Fire/Summ      Unusable   N/A       N/A         4

Dungeon Overview and Level Annotations

Branches:
Dungeon (13/15)            Temple (1/1) D:6            Lair (0/5) D:9
    Orc (0/2) D:10
 Vaults: D:13-14

Altars:
Ashenzari
Cheibriados
Dithmenos
Elyvilon
Fedhas
Gozag
Hepliaklqana
Kikubaaqudgha
Makhleb
Nemelex Xobeh
Okawaru
Qazlal
Ru
Sif Muna
Trog
Uskayaw
Vehumet
Wu Jian
Xom
Yredelemnul
Zin
The Shining One

Shops:
D:6 :

Annotations:
D:5 1 runed translucent door, audacious124's ghost, novice DsNe
D:6 1 runed translucent door, Crazy Yiuf
D:9 3 runed translucent doors, Splishie's ghost, novice DrSh
D:12 Rupert
D:13 Erolcha


Innate Abilities, Weirdness & Mutations

You are immune to sickness and miasma.
Your stone body is resilient. (AC +8)
You are immune to poison.
You resist negative energy. (rN+)
You are resistant to electric shocks. (rElec)
You are resistant to unholy torment.
You are immune to petrification.


Message History

Throw: 17 darts (poison)
Press: ? - help, Shift-Dir - straight line, f/p - Rupert
Aim: Rupert, wielding a +2 triple sword of holy wrath and wearing a +2 ring mail of cold resistance (very poisoned, 65% to hit)
You throw a poisoned dart. The poisoned dart hits Rupert.
Rupert looks even sicker.
Rupert yells loudly at you.
You are confused.
You feel better. Rupert says, "I crush you like a bug!"
Rupert roars madly and goes into a rage!
Rupert goes berserk!
You feel very mighty all of a sudden.
Unknown command.
Aiming: Quicksilver Bolt
Press: ? - help, Shift-Dir - straight line, f/p - Rupert
Aim: Rupert, wielding a +2 triple sword of holy wrath and wearing a +2 ring mail of cold resistance (lightly wounded, berserk, very poisoned, 77% to hit)
The bolt of dispelling energy hits Rupert!!
Rupert is lightly wounded.
Rupert barely misses you. You block Rupert's attack.
You hit Rupert.
Rupert is moderately wounded.
Rupert hits you with a +2 triple sword of holy wrath!!
Unknown command.
You slice Rupert!!
Rupert is moderately wounded.
Rupert hits you with a +2 triple sword of holy wrath!
Rupert hits you with a +2 triple sword of holy wrath!!
* * * LOW HITPOINT WARNING * * *
Unknown command.
Okay, then.
You feel much better. You block Rupert's attack.
Unknown command.
Rupert attacks as he pursues you!
Rupert hits you with a +2 triple sword of holy wrath!
Rupert barely misses you.
The air fills with toxic fumes!
As you read the scroll of poison, it crumbles to dust.
Rupert hits you with a +2 triple sword of holy wrath!!!
You die...
Rupert roars with triumph.

#....#
#.##
#..§§+ #
###.##
#..§§#
..##....#
#..§§#
#......<#
..§§#
####....#
.§§
#.....
##§#
#....#
##@§#
###.##
#§@## #.#
#§## #.#
#§#
###+##
##§#
#.....
#§§#
#.....
#§##
#.....
#§#
#.....
#§#
#.....
#)#
#.....


You could see Rupert (berserk, very poisoned).

Vanquished Creatures
  3 two-headed ogres
  Nergalle (D:11)
  An ugly thing (D:12)
  2 cyclopes
  A manticore (D:11)
  Maurice (D:10)
  3 gargoyles (D:10)
  A komodo dragon (D:12)
  3 kobold demonologists (D:11)
  2 trolls
  2 shadows
  2 wyverns (D:8)
  6 yaks (D:10)
  3 wraiths
  A steam dragon (D:9)
  4 vampire mosquitoes (D:12)
  4 acid dragons
  3 water moccasins
  3 ice beasts
  7 orc warriors
  A sky beast (D:7)
  2 ogres
  7 centaurs
  4 kobold brigands
  A scorpion (D:5)
  3 gnoll sergeants
  7 wights
  17 killer bees
  11 howler monkeys
  2 electric eels
  A bombardier beetle (D:4)
  4 jellies
  9 orc priests
  2 hounds
  A gnoll bouda (D:7)
  Jessica (D:2)
  8 orc wizards
  4 iguanas
  2 sleepcaps
  Robin (D:2)
  4 adders
  24 gnolls
  2 white imps (D:6)
  3 dart slugs
  2 ribbon worms (D:3)
  26 orcs
  2 ball pythons
  11 endoplasms
  3 giant cockroaches (D:1)
  12 goblins
  9 hobgoblins
  8 jackals
  4 quokkas
  7 bats
  8 frilled lizards
  17 kobolds
  9 rats
292 creatures vanquished.

Vanquished Creatures (others)
  An orc warrior (D:10)
1 creature vanquished.

Grand Total: 293 creatures vanquished

Notes
Turn   | Place    | Note
-------+----------+-------------------------------------------
     0 | D:1      | Newt the Gargoyle Fighter began the quest for the Orb.
     0 | D:1      | Reached XP level 1. HP: 14/14 MP: 1/1
    62 | D:1      | Reached XP level 2. HP: 18/19 MP: 2/2
   193 | D:1      | Reached XP level 3. HP: 22/24 MP: 3/3
   907 | D:1      | Reached skill level 4 in Fighting
   907 | D:1      | Reached XP level 4. HP: 20/29 MP: 4/4
  1103 | D:2      | Noticed Robin
  1138 | D:2      | Killed Robin
  1139 | D:2      | Reached XP level 5. HP: 22/34 MP: 5/5
  1226 | D:2      | Noticed Jessica
  1236 | D:2      | Killed Jessica
  2132 | D:3      | Found a radiant altar of Vehumet.
  2286 | D:4      | Reached skill level 1 in Axes
  2294 | D:4      | Reached XP level 6. HP: 27/40 MP: 6/6
  2402 | D:3      | Reached skill level 5 in Fighting
  2670 | D:3      | Noticed an ice beast
  2678 | D:3      | Killed an ice beast
  2790 | D:3      | Found a faded altar of an unknown god.
  2991 | D:4      | Reached XP level 7. HP: 38/44 MP: 7/7
  3196 | D:4      | Reached skill level 6 in Fighting
  3245 | D:4      | Found a sacrificial altar of Ru.
  3261 | D:4      | Reached skill level 1 in Stealth
  3535 | D:5      | Entered Level 5 of the Dungeon
  3541 | D:5      | Reached skill level 1 in Evocations
  3568 | D:5      | Reached XP level 8. HP: 52/52 MP: 8/8
  3675 | D:5      | Reached skill level 7 in Fighting
  4172 | D:5      | Found a runed translucent door.
  4175 | D:5      | Noticed audacious124's ghost (novice DsNe)
  4268 | D:6      | Found a staircase to the Ecumenical Temple.
  4289 | Temple   | Entered the Ecumenical Temple
  4305 | D:6      | Reached skill level 5 in Evocations
  4365 | D:6      | Reached XP level 9. HP: 55/59 MP: 9/9
  4544 | D:6      | Reached skill level 8 in Fighting
  4766 | D:6      | Found Qilall's Self-Improvement Boutique.
  4794 | D:6      | Found a runed translucent door.
  4795 | D:6      | Noticed Crazy Yiuf
  5028 | D:6      | Reached skill level 1 in Throwing
  5479 | D:7      | Found a bloodstained altar of Trog.
  5519 | D:7      | Reached skill level 9 in Fighting
  5833 | D:8      | Reached skill level 5 in Throwing
  5833 | D:8      | Reached XP level 10. HP: 60/66 MP: 10/10
  5855 | D:8      | Identified the +1 robe of Fidda {rElec}
  5935 | D:8      | Reached skill level 5 in Axes
  5986 | D:8      | Found a shadowy altar of Dithmenos.
  6263 | D:8      | Found a glowing golden altar of the Shining One.
  6616 | D:9      | Noticed a two-headed ogre
  6619 | D:9      | Killed a two-headed ogre
  6620 | D:9      | Reached skill level 10 in Fighting
  6930 | D:9      | Identified the +5 whip "Rowniof" {drain, Dex+3}
  7021 | D:9      | Found a hazy altar of Hepliaklqana.
  7021 | D:9      | Found an ancient bone altar of Kikubaaqudgha.
  7022 | D:9      | Found a glowing silver altar of Zin.
  7023 | D:9      | Found an iron altar of Okawaru.
  7073 | D:9      | Found an opulent altar of Gozag.
  7073 | D:9      | Found a stormy altar of Qazlal.
  7073 | D:9      | Found an ornate altar of the Wu Jian Council.
  7074 | D:9      | Found a shimmering blue altar of Sif Muna.
  7081 | D:9      | Became a worshipper of Warmaster Okawaru
  7086 | D:9      | Found a runed translucent gate.
  7087 | D:9      | Noticed a centaur warrior
  7095 | D:9      | Noticed Splishie's ghost (novice DrSh)
  7098 | D:9      | Found a runed translucent gate.
  7099 | D:9      | Found a runed translucent gate.
  7168 | D:9      | Found a staircase to the Lair.
  7168 | D:9      | Identified the +5 trident of Bodily Harmony {freeze, Str+3
                  | SInv}
  7183 | D:9      | Noticed a two-headed ogre
  7190 | D:9      | Killed a two-headed ogre
  7369 | D:9      | Reached * piety under Okawaru
  7514 | D:10     | Entered Level 10 of the Dungeon
  7535 | D:10     | Reached XP level 11. HP: 71/73 MP: 11/11
  7546 | D:10     | Reached skill level 11 in Fighting
  8244 | D:10     | Noticed Maurice
  8439 | D:10     | Something stole 108 gold
  8440 | D:10     | Something stole an amulet of magic regeneration
  8443 | D:10     | Killed Maurice
  8443 | D:10     | Reached ** piety under Okawaru
  8492 | D:10     | Reached skill level 5 in Armour
  8725 | D:10     | Reached *** piety under Okawaru
  8872 | D:10     | Found a staircase to the Orcish Mines.
  9180 | D:11     | Noticed Nergalle
  9192 | D:11     | Killed Nergalle
  9369 | D:11     | Reached skill level 12 in Fighting
  9377 | D:11     | Reached **** piety under Okawaru
  9580 | D:11     | Noticed a cyclops
  9589 | D:11     | Killed a cyclops
  9769 | D:11     | Identified the +3 whip "Taxosm" {flame, Str+3 Int-2}
  9771 | D:11     | Noticed a manticore
  9792 | D:11     | Killed a manticore
  9980 | D:12     | You fall into a shaft and drop 1 floor!
 10027 | D:13     | Noticed Erolcha
 10163 | D:12     | Noticed a two-headed ogre
 10164 | D:12     | Noticed a cyclops
 10184 | D:12     | Killed a cyclops
 10185 | D:12     | Reached XP level 12. HP: 52/82 MP: 12/12
 10192 | D:12     | Killed a two-headed ogre
 10193 | D:12     | Reached skill level 5 in Shields
 10195 | D:12     | Reached ***** piety under Okawaru
 10664 | D:12     | Noticed Rupert
 10675 | D:12     | Slain by Rupert

Illustrated notes

Levels and vault maps discovered:
D:1:      lemuel_arrival_muddy, layout_basic, minmay_misc_feat_tiny
D:2:      layout_rooms, st_stairs_7, chequers_hall_statues_corner_a,
          grunt_decor_fettered, nicolae_twisty_statue_hallways, uniq_jessica,
          uniq_robin
D:3:      layout_basic, mainiacjoe_overflow_catwalk,
          hellmonk_ecumenical_altar_run_dry, st_stairs_5,
          kennysheep_pointless_box, minivault_23, minivault_24
D:4:      layout_loops_ring, mainiacjoe_overflow_concentric_impassable,
          minmay_misc_feat_pillars
D:5:      layout_loops_ring, ebering_ghost_sewer_d,
          hangedman_abyss_or_decor_passed
D:6:      layout_cave_pools, minmay_temple_entry_tees, minmay_misc_feat_plants,
          minivault_27, grunt_ministairs_12, nicolae_shop_self_help,
          uniq_crazy_yiuf_cottage
D:7:      layout_rooms, lemuel_crystal_altar, serial_bayou, serial_bayou_pond_a,
          serial_bayou_pond_e, serial_bayou_pond_d, serial_bayou_shore_b,
          serial_bayou_pond_e
D:8:      layout_loops_ring, mainiacjoe_overflow_surrounded_room,
          mainiacjoe_overflow_brackets, nicolae_figureground_sparkle
D:9:      layout_roguey, grunt_temple_overflow_open, dpeg_oklobed_lair,
          gammafunk_ghost_split
D:10:     layout_roguey, erik_orc_2, uniq_maurice
D:11:     layout_loops_ring, uniq_nergalle
D:12:     layout_roguey, uniq_rupert
D:13:     layout_irregular_city, david_vaults_5, enter_trove_1,
          roderic_roman_lattice, door_vault, uniq_erolcha
Temple:   nicolae_temple_figure_zero

Skill      XL: |  1  2  3  4  5  6  7  8  9 10 11 12 |
---------------+-------------------------------------+-----
Maces & Flails | 3 4 |  4.6
Fighting       | 4 5 6 7 9 10 12 | 12.8
Axes           | 1 3 4 7 8 |  8.5
Stealth        | 3 |  3.4
Evocations     | 2 5 6 |  6.0
Throwing       | 5 |  5.1
Armour         | 8 |  8.1
Shields        | 4 6 |  6.2

Action                     |  1- 3 |  4- 6 |  7- 9 | 10-12 || total
---------------------------+-------+-------+-------+-------++-------
  Melee: Flail             |    66 |    99 |       |       ||   165
         War axe           |       |    78 |   249 |   505 ||   832
  Throw: Javelin           |       |     5 |       |     9 ||    14
         Boomerang         |       |       |       |    19 ||    19
         Dart              |       |       |       |     9 ||     9
  Evoke: Wand              |       |       |     3 |    13 ||    16
    Use: Scroll            |       |     4 |     2 |     8 ||    14
         Potion            |       |       |     1 |     4 ||     5
 Armour: Scale mail        |    56 |   162 |   280 |   596 ||  1094
  Dodge: Dodged            |    24 |   106 |   135 |   276 ||   541
  Block: Buckler           |    24 |    50 |    58 |    81 ||   213
         Kite shield       |       |       |       |   112 ||   112

Table legend: (Time is in decaauts)
 A = Elapsed time spent in this place.
 B = Non-inter-level travel time spent in this place.
 C = Inter-level travel time spent in this place.
 D = Time resting spent in this place.
 E = Time spent auto-exploring this place.
 F = Levels seen in this place.
 G = Mean time per level.
                   A        B        C        D        E       F      G
               +--------+--------+--------+--------+--------+-----+--------+
         Total |  10930 |  10529 |    401 |   1980 |   6304 |  14 |  780.7 |
       Dungeon |  10928 |  10529 |    399 |   1980 |   6304 |  13 |  840.6 |
        Temple |      1 |      0 |      1 |      0 |      0 |   1 |    1.0 |
               +--------+--------+--------+--------+--------+-----+--------+

Top non-repeatable levels by time:
     D:9: 1329 daAuts
    D:10: 1306 daAuts
     D:1: 1064 daAuts
     D:3: 1002 daAuts
     D:6: 927 daAuts
     D:4: 794 daAuts
     D:8: 783 daAuts
     D:2: 763 daAuts
     D:5: 745 daAuts
    D:12: 744 daAuts
    D:11: 738 daAuts
     D:7: 680 daAuts
    D:13: 49 daAuts
  Temple: 1 daAuts
